 Dungeon Crawl Stone Soup version 0.19-a0-459-gb8ed64d (webtiles) character file.

258 hypermopl the Caller (level 6, 0/36 HPs)
             Began as an Octopode Summoner on June 2, 2016.
             Slain by a phantom (2 damage)
             ... on level 4 of the Dungeon.
             The game lasted 00:11:38 (4437 turns).

hypermopl the Caller (Octopode Summoner)            Turns: 4437, Time: 00:11:39

Health: 0/36       AC:  1    Str:  7    XL:     6   Next: 16%
Magic:  7/11       EV: 12    Int: 18    God:
Gold:   165        SH:  0    Dex: 14    Spells: 3 memorised, 3 levels left

rFire  . . .     SeeInvis .     d - +0 whip (curse)
rCold  . . .     Gourm    .     (no shield)
rNeg   . . .     Faith    .     (helmet restricted)
rPois  .         Spirit   .     f - amulet of magic regeneration
rElec  .         Dismiss  .     (no ring)
rCorr  .         Reflect  .     (no ring)
SustAt .         Harm     .     (no ring)
MR     .....                    (no ring)
Stlth  +++.......               (no ring)
                                (no ring)
                                (no ring)
                                (no ring)

@: very slightly contaminated, not resistant to hostile enchantments, fairly
stealthy
A: almost no armour, amphibious, 8 rings, constrict 8, camouflage 1, gelatinous
body 1
a: no special abilities


You were on level 4 of the Dungeon.
You were hungry.

You visited 1 branch of the dungeon, and saw 4 of its levels.

You collected 165 gold pieces.

Inventory:

Hand Weapons
 d - a cursed +0 whip (weapon)
 j - a cursed +0 halberd
 s - a +0 trident
 t - a +0 blowgun
Missiles
 i - 28 poisoned needles
 k - 5 javelins (quivered)
 w - 2 tomahawks
Armour
 c - a +2 large shield
Jewellery
 f - an amulet of magic regeneration (around mantle)
 o - a cursed amulet of inaccuracy {unknown}
 x - a cursed amulet of inaccuracy {unknown}
Scrolls
 e - a scroll of identify
 h - 2 scrolls of teleportation
 n - a scroll of amnesia
 r - a scroll of fog {unknown}
Potions
 l - a potion of haste
 p - a potion of heal wounds
 q - a potion of berserk rage
Books
 a - a book of Callings

   Spells                             Type                      Level
   a - Summon Small Mammal            Summoning                    1
   b - Call Imp                       Summoning                    2
   c - Call Canine Familiar           Summoning                    3
   d - Summon Guardian Golem          Hexes/Summoning              3
   e - Summon Lightning Spire         Summoning/Air                4
   f - Summon Ice Beast               Ice/Summoning                4
Comestibles
 b - 2 bread rations
 u - 11 chunks of flesh
 v - a meat ration


   Skills:
 - Level 2.0 Dodging
 - Level 2.6 Stealth
 + Level 3.6 Spellcasting
 * Level 6.1 Summonings
 + Level 1.2 Ice Magic


You had 3 spell levels left.
You knew the following spells:

 Your Spells              Type           Power        Failure   Level  Hunger
b - Call Imp              Summ           ####....     1%          2    ##.....
c - Call Canine Familiar  Summ           ####....     3%          3    ###....
d - Summon Ice Beast      Ice/Summ       ###.....     34%         4    ####...


Dungeon Overview and Level Annotations

Branches:
Dungeon (4/15)
 Temple: D:4-7

Altars:
Ashenzari
Okawaru
Ru

Annotations:
D:4 Robin


Innate Abilities, Weirdness & Mutations

You cannot wear most types of armour.
You are amphibious.
You can wear up to eight rings at the same time.
You can use your tentacles to constrict eight enemies at once.
Your skin changes colour to match your surroundings (Stealth+).
Your rubbery body absorbs attacks. (AC +1)


Message History

Unknown command.
The goblin hits your crimson imp.
Your shadow imp gestures at the goblin.
The goblin barely resists.
Your crimson imp hits the goblin.
The goblin dies!
Unknown command.
Robin throws the goblin at you!
Unknown command.
The goblin barely misses you. The hobgoblin barely misses you.
The phantom blinks!
The goblin hits you with a dagger.
Robin says, "My goblins will feast on your bones."
Robin throws the goblin at you!
* * * LOW HITPOINT WARNING * * *
The goblin hits you with a club!
* * * LOW HITPOINT WARNING * * *
The phantom hits your shadow imp.
The phantom blinks!
Robin throws the goblin at you!
Okay, then.
The phantom hits you.
You die...

******* *,**,,,,,,,* *,*
*..*.,,,,,,* *,**
**.*.,,,,,,* *,,,
*.#.,,,,,,* ***,
*..#*,***** *,,, *#.#*,*
*******,** #.##,*
*,,,,,,,,, #######g.#.#
*,,,,,,,,, #...ggg@.#.#
*,,,,,,<,, #.....g.W..#
*,,,,,,,,, #...g......#
*,,,,,,,,,
#.?55g.....#***,,,,,,,,,
#......)...#*,,,,,,,,,,,
#...ยง..))#.#*,*********,
#........#.#*,* *,,,
#.(....).#.#*,* *,**
#........#>**,**** *,*


You could see a phantom, Robin, 2 hobgoblins, 4 goblins, a friendly crimson imp
and a friendly shadow imp.

Vanquished Creatures
  2 oozes (D:2)
  A dart slug (D:2)
  2 giant geckos (D:3)
  2 orcs (D:3)
  A ball python (D:2)
  4 bats
  3 giant cockroaches
  6 goblins
  5 hobgoblins
  5 jackals
  7 kobolds
  4 giant newts
  A quokka skeleton (D:4)
  7 rats
50 creatures vanquished.

Vanquished Creatures (collateral kills)
  An ogre (D:4)
  The ghost of tstbtto the Chopper, an amateur GrGl (D:3)
  A hound (D:4)
  An orc wizard (D:3)
  A worker ant (D:4)
  4 gnolls (D:2)
  2 adders
  A worm (D:2)
  3 giant geckos
  4 orcs (D:3)
  A giant cockroach (D:3)
  4 hobgoblins
  4 jackals (D:3)
  5 kobolds
  4 bats
  A giant newt (D:2)
  6 goblins
  A rat (D:1)
45 creatures vanquished.

Grand Total: 95 creatures vanquished

Notes
Turn   | Place    | Note
--------------------------------------------------------------
     0 | D:1      | hypermopl the Octopode Summoner began the quest for the Orb.
     0 | D:1      | Reached XP level 1. HP: 11/11 MP: 3/3
   795 | D:1      | Reached XP level 2. HP: 13/17 MP: 5/5
   863 | D:1      | Learned a level 2 spell: Call Imp
  1682 | D:1      | Reached XP level 3. HP: 21/21 MP: 6/6
  1730 | D:1      | Learned a level 3 spell: Call Canine Familiar
  1939 | D:2      | Reached skill level 5 in Summonings
  2110 | D:2      | Reached XP level 4. HP: 27/27 MP: 2/8
  2249 | D:2      | Found a sacrificial altar of Ru.
  2843 | D:3      | Noticed tstbtto's ghost (amateur GrGl)
  2871 | D:3      | HP: 1/27 [tstbtto's ghost (12)]
  3674 | D:3      | Killed tstbtto's ghost
  3674 | D:3      | Reached XP level 5. HP: 31/31 MP: 1/9
  3977 | D:3      | Learned a level 4 spell: Summon Ice Beast
  4017 | D:3      | Found a shattered altar of Ashenzari.
  4025 | D:3      | Found an iron altar of Okawaru.
  4375 | D:4      | Noticed an ogre
  4395 | D:4      | Killed an ogre
  4395 | D:4      | Reached skill level 6 in Summonings
  4395 | D:4      | Reached skill level 1 in Ice Magic
  4395 | D:4      | Reached XP level 6. HP: 36/36 MP: 4/11
  4420 | D:4      | Noticed Robin
  4429 | D:4      | Noticed a phantom
  4437 | D:4      | Slain by a phantom

Vault maps used:
D:1:      dpeg_arrival_morbid_curiosity
D:2:      lemuel_doored_altar
D:3:      minitemple, grunt_ministairs_14
D:4:      uniq_robin, uniq_menkaure

Skill      XL: |  1  2  3  4  5 |
---------------+----------------+-----
Summonings     | 5 6 |  6.1
Spellcasting   | 3 |  3.6
Ice Magic      | 1 |  1.2
Dodging        | |  2.0
Stealth        | |  2.6

Action                   |  1- 3 |  4- 6 || total
-------------------------+-------+-------++-------
Melee: Whip              |    64 |    96 ||   160
       Constrict         |    18 |    26 ||    44
       Tentacles         |     8 |    12 ||    20
Throw: Javelin           |       |     2 ||     2
 Cast: Summon Small Mamm |    19 |       ||    19
       Call Imp          |    15 |    28 ||    43
       Call Canine Famil |       |    13 ||    13
  Use: Scroll            |     3 |     6 ||     9
 Stab: Sleeping          |     2 |     9 ||    11
  Eat: Chunk             |     5 |     4 ||     9
       Meat ration       |       |     1 ||     1
Armor: Skin              |     8 |     6 ||    14
Dodge: Dodged            |    62 |    89 ||   151
